[Event "FIDE WCCC Girls-12 2024"]
[Site "Montesilvano"]
[Date "2024.11.19"]
[Round "5.3"]
[White "Zavivaeva, Kristina"]
[Black "Siddhi Rao"]
[Result "1/2-1/2"]
[ECO "A07"]
[WhiteElo "1775"]
[BlackElo "1677"]
[Annotator "NA RC"]
[PlyCount "115"]
[EventDate "2024.11.18"]
[EventType "swiss"]
[EventCountry "ITA"]
[SourceTitle "playchess.com"]
[Source "ChessBase"]
[SourceQuality "1"]
[TimeControl "5400+30"]

1. Nf3 d5 2. g3 Nd7 3. c4 dxc4 4. Na3 e5 5. Qc2 Bc5 6. Bg2 Ngf6 7. O-O O-O 8. Nxc4 Qe7 9. b3 h6 10. Bb2 e4 11. Nfe5 Nxe5 12. Bxe5 Ng4 13. Bb2 Bf5 14. Ne3 Nxe3 15. fxe3 Bh7 16. Rf4 Rae8 17. Raf1 Bd6 18. Rg4 Be5 19. Bxe4 f5 20. Bxe5 Qxe5 21. Rgf4 g5 22. d4 Qe6 23. Bd3 Qxe3+ 24. R4f2 Re7 25. Qc5 b6 26. Qd5+ Kg7 27. Kh1 c6 28. Qc4 Ref7 29. Rf3 Qe8 30. Qc2 Qd7 31. Qc3 Rf6 32. e3 Qd5 33. Kg1 b5 34. a4 a6 35. R3f2 Re8 36. e4 fxe4 37. Rxf6 exd3 38. Qc5 Qxc5 39. dxc5 Be4 40. Rd6 Bd5 41. axb5 axb5 42. Rd1 Re3 43. Rd2 Rf3 44. Rxd5 cxd5 45. c6 Rf6 46. Rxd3 Rxc6 47. Rxd5 b4 48. Rb5 Rc1+ 49. Kg2 Rc2+ 50. Kh3 Kg6 51. Rb6+ Kg7 52. Rxb4 h5 53. Rc4 Rb2 54. b4 Kf6 55. Rc6+ Kf5 56. Rc5+ Kg6 57. Rc6+ Kf5 58. Rc5+ 1/2-1/2

[Event "FIDE WCCC Girls-12 2024"]
[Site "Montesilvano"]
[Date "2024.11.19"]
[Round "5.9"]
[White "Bassari, Senem Gul"]
[Black "Xue, Tianhao"]
[Result "0-1"]
[ECO "B29"]
[WhiteElo "1778"]
[BlackElo "1835"]
[Annotator "NA RC"]
[PlyCount "188"]
[EventDate "2024.11.18"]
[EventType "swiss"]
[EventCountry "ITA"]
[SourceTitle "playchess.com"]
[Source "ChessBase"]
[SourceQuality "1"]
[TimeControl "5400+30"]

1. e4 c5 2. Nf3 Nc6 3. d3 Nf6 4. g3 d5 5. Qe2 Bg4 6. Be3 {[%emt 0:35:44] B29: Sicilian: 2 Nf3 Nf6 (Nimzowitsch Variation).} dxe4 7. dxe4 Nxe4 8. Bg2 Qb6 9. c3 e6 10. O-O Nf6 11. h3 Bxf3 12. Bxf3 Be7 13. Na3 O-O 14. Rab1 Qc7 15. Bf4 e5 16. Nb5 Qb8 17. Be3 Qc8 18. Bg2 a6 19. Na3 Qe6 20. Nc4 e4 21. Bg5 Rfe8 22. Rfe1 Bf8 23. Bxf6 Qxf6 24. Bxe4 Qh6 25. Qg4 Rad8 26. Rbd1 Rxd1 27. Rxd1 b5 28. Bxc6 Qxc6 29. Ne3 g6 30. h4 h5 31. Qf4 c4 32. Qg5 Bc5 33. Qf4 Bxe3 34. fxe3 Qc5 35. Rd4 a5 36. Kh2 Qe7 37. e4 a4 38. a3 Qe6 39. Qg5 Qc6 40. Qf4 Kg7 41. Kg1 Re6 42. e5 Qc5 43. Kh2 Rxe5 44. Rd2 Qe7 45. Qf2 Kh7 46. Kh3 Rf5 47. Qg2 Qe1 48. Re2 Qd1 49. Rd2 Qg4+ 50. Kh2 Kg7 51. Rf2 Re5 52. Qf1 Qe6 53. Qg2 Re1 54. Qf3 Re5 55. Qd1 Kh7 56. Qf1 Kg8 57. Qd1 Rd5 58. Qf3 Rd3 59. Qg2 Kg7 60. Re2 Qd6 61. Rf2 Qe5 62. Re2 Qf5 63. Rf2 Qg4 64. Rf4 Qd7 65. Rf2 Qd6 66. Re2 Kh6 67. Rf2 f5 68. Rf4 Qe5 69. Rf2 Qd6 70. Rf4 Qe5 71. Rf2 Re3 72. Rf4 Re2 73. Rf2 Re4 74. Kg1 Rg4 75. Rf3 Qe1+ 76. Kh2 f4 77. Rxf4 Rxf4 78. gxf4 Qxh4+ 79. Kg1 Qg4 80. Qxg4 hxg4 81. Kg2 g5 82. f5 Kg7 83. Kg3 {[%emt 0:00:12] [#]} Kf7 84. Kxg4 Kf6 85. Kg3 Kxf5 86. Kf3 g4+ 87. Kg3 Kg5 88. Kg2 Kf4 89. Kf2 Ke4 90. Kg3 Kd3 91. Kxg4 Kc2 92. Kf4 Kxb2 93. Ke4 Kxc3 94. Ke3 Kb3 0-1

[Event "FIDE WCCC Girls-12 2024"]
[Site "Montesilvano"]
[Date "2024.11.19"]
[Round "5.13"]
[White "Hanya Shah"]
[Black "Zavivaeva, Angelina"]
[Result "1-0"]
[ECO "D45"]
[WhiteElo "1888"]
[BlackElo "1499"]
[Annotator "NA RC"]
[PlyCount "108"]
[EventDate "2024.11.18"]
[EventType "swiss"]
[EventCountry "ITA"]
[SourceTitle "playchess.com"]
[Source "ChessBase"]
[SourceQuality "1"]
[TimeControl "5400+30"]

1. c4 c6 2. Nc3 d5 3. e3 Nf6 4. Nf3 e6 5. Qc2 Bd6 6. d4 Nbd7 7. g4 dxc4 8. Bxc4 Nxg4 9. Rg1 Nxh2 10. Nxh2 Bxh2 11. Rxg7 Qh4 12. Bd2 Qh6 13. Rg2 b5 14. Bd3 Bb7 15. O-O-O Qh3 16. Be4 f5 17. Rh1 fxe4 18. Rhxh2 Qf3 19. Rg3 Qf7 20. Nxe4 Qe7 21. a3 a5 22. f3 b4 23. a4 O-O-O 24. Rhg2 Qh4 25. Nd6+ Kc7 26. Nf7 Rhf8 27. Nxd8 Kxd8 28. e4 Kc7 29. f4 Qf6 30. Be3 h5 31. d5 exd5 32. exd5 Qd6 33. Rd2 Kb8 34. Rg6 Rf6 35. Rxf6 Qxf6 36. dxc6 Bxc6 37. Qd3 Bxa4 38. Qd6+ Qxd6 39. Rxd6 Kc7 40. Rh6 Bb3 41. Rxh5 a4 42. Bc5 Nxc5 43. Rxc5+ Kb6 44. Rh5 a3 45. bxa3 bxa3 46. Rh3 Bf7 47. Rxa3 Kc5 48. Kd2 Kd5 49. Ke3 Bg6 50. Ra5+ Ke6 51. Kd4 Kf6 52. Ra6+ Kf5 53. Rxg6 Kxg6 54. Ke5 Kf7 1-0

[Event "FIDE WCCC Girls-12 2024"]
[Site "Montesilvano"]
[Date "2024.11.19"]
[Round "5.14"]
[White "Tong Thai Hoang An"]
[Black "Chichinadze, Anastasia"]
[Result "1-0"]
[ECO "E01"]
[WhiteElo "1869"]
[BlackElo "1682"]
[Annotator "NA RC"]
[PlyCount "105"]
[EventDate "2024.11.18"]
[EventType "swiss"]
[EventCountry "ITA"]
[SourceTitle "playchess.com"]
[Source "ChessBase"]
[SourceQuality "1"]
[TimeControl "5400+30"]

1. d4 Nf6 2. c4 e6 3. g3 Bb4+ 4. Nd2 O-O 5. Bg2 d5 6. Ngf3 Nc6 7. Qc2 Ne4 8. e3 Nxd2 9. Bxd2 Bxd2+ 10. Nxd2 Ne7 11. O-O Nf5 12. Rfd1 c6 13. Qd3 Qb6 14. b3 Rd8 15. Rac1 f6 16. Qc3 Qc7 17. e4 Ne7 18. Nf1 Qd6 19. Ne3 b6 20. cxd5 exd5 21. exd5 cxd5 22. Qc7 Be6 23. Qxd6 Rxd6 24. Rc7 Nf5 25. Nxf5 Bxf5 26. Re1 a5 27. Ree7 g5 28. Bf3 Rad8 29. Kf1 R8d7 30. Rexd7 Bxd7 31. Ke2 Be6 32. Kd3 Bf7 33. Kc3 Kf8 34. b4 axb4+ 35. Kxb4 Rd8 36. Kb5 Rb8 37. Kc6 Be8+ 38. Kd6 Bf7 39. Rd7 Rc8 40. Bxd5 Bxd5 41. Kxd5 Rc2 42. a4 Rxf2 43. Rxh7 Ra2 44. Ke6 Rxa4 45. Kxf6 Kg8 46. Rg7+ Kh8 47. Rb7 Rxd4 48. Rxb6 g4 49. Kg6 Rd8 50. Kg5 Rd2 51. Rh6+ Kg7 52. Rh4 Rf2 53. Kxg4 1-0

[Event "FIDE WCCC Girls-12 2024"]
[Site "Montesilvano"]
[Date "2024.11.19"]
[Round "5.20"]
[White "Jordan, Christina"]
[Black "Smirnova, Viktoria A"]
[Result "1-0"]
[ECO "C15"]
[WhiteElo "1803"]
[BlackElo "1658"]
[Annotator "NA RC"]
[PlyCount "105"]
[EventDate "2024.11.18"]
[EventType "swiss"]
[EventCountry "ITA"]
[SourceTitle "playchess.com"]
[Source "ChessBase"]
[SourceQuality "1"]
[TimeControl "5400+30"]

1. e4 e6 2. d4 d5 3. Nc3 Bb4 4. Nge2 dxe4 5. a3 Bxc3+ 6. Nxc3 Nc6 7. Bf4 Nf6 8. Bb5 Bd7 9. d5 exd5 10. Nxd5 Nxd5 11. Qxd5 O-O 12. O-O-O Qf6 13. Be3 Bf5 14. Bxc6 bxc6 15. Qd4 Qe6 16. Kb1 a5 17. Bf4 Qe7 18. Qc3 Rfb8 19. Qxc6 h6 20. Qxc7 Qxc7 21. Bxc7 Rc8 22. Rd5 Rxc7 23. Rxf5 Rac8 24. c3 a4 25. Re5 Rb8 26. Kc2 Rcb7 27. Rb1 f5 28. Rxf5 g6 29. Rf4 Re7 30. Re1 Reb7 31. Rexe4 Rxb2+ 32. Kd3 Rd8+ 33. Rd4 Re8 34. Rxa4 Ree2 35. Ra8+ Kg7 36. Ra7+ Kg8 37. Rf6 Rbd2+ 38. Kc4 Rxf2 39. Rxg6+ Kh8 40. Rxh6+ Kg8 41. Rb6 Rf4+ 42. Kb3 Rxg2 43. Rb8+ Rf8 44. Rxf8+ Kxf8 45. h4 Rh2 46. Rh7 Ke8 47. a4 Kd8 48. a5 Kc8 49. h5 Kb8 50. h6 Ka8 51. Kb4 Rh4+ 52. Kc5 Rh5+ 53. Kb6 1-0